 Dungeon Crawl Stone Soup version 0.23-a0-650-ga4d50d4 (webtiles) character file.

1374 JimmyWheeler the Geomancer (level 8, 0/52 HPs)
             Began as a Formicid Earth Elementalist on Jan 3, 2019.
             Was an Initiate of Sif Muna.
             Slain by a two-headed ogre
             ... wielding a +0 giant club
              (17 damage)
             ... on level 8 of the Dungeon.
             The game lasted 00:48:40 (6192 turns).

JimmyWheeler the Geomancer (FoEE)                   Turns: 6192, Time: 00:48:41

Health: 0/52       AC:  2    Str: 14      XL:     8   Next: 98%
Magic:  8/12       EV: 12    Int: 16      God:    Sif Muna [......]
Gold:   235        SH:  4    Dex:  7 (11) Spells: 2/12 levels left

rFire    . . .     SeeInvis +   r - +1 falchion (freeze)
rCold    . . .     Gourm    .   g - +0 buckler
rNeg     . . .     Faith    .   c - +0 robe
rPois    .         Spirit   .   (helmet unavailable)
rElec    .         Reflect  .   (no cloak)
rCorr    +         Harm     .   (no gloves)
MR       .....                  (no boots)
Stlth    +++.......             (no amulet)
HPRegen  0.17/turn              B - ring of resist corrosion
MPRegen  0.13/turn              (no ring)

@: very slightly contaminated
A: permanent stasis, dig shafts and tunnels, four strong arms, antennae 3
a: Dig, Shaft Self, Renounce Religion


You were on level 8 of the Dungeon.
You worshipped Sif Muna.
Sif Muna was noncommittal.
You were not hungry.

You visited 2 branches of the dungeon, and saw 9 of its levels.

You collected 235 gold pieces.

Inventory:

Hand Weapons
 l - a +2 vampiric whip
 q - a +0 dagger
 r - a +1 falchion of freezing (weapon)
Missiles
 m - 103 arrows
Armour
 c - a +0 robe (worn)
 f - a +0 shield
 g - a +0 buckler (worn)
Jewellery
 B - a ring of resist corrosion (left hand)
 C - an uncursed ring of protection from cold {unknown}
Wands
 k - a wand of flame (25)
 p - a wand of disintegration (25)
 D - a wand of random effects (19)
Scrolls
 a - 3 scrolls of identify
 b - a scroll of blinking
 e - 2 scrolls of remove curse
 i - 2 scrolls of enchant armour
 j - a scroll of amnesia {unknown}
 n - a scroll of fog {unknown}
 o - a scroll of fear {unknown}
 s - a scroll of magic mapping {unknown}
 w - a scroll of enchant weapon {unknown}
 y - 2 scrolls of teleportation {unknown}
Potions
 d - a potion of magic
 h - a potion of agility
 t - 4 potions of heal wounds
 v - a potion of cancellation {unknown}
 x - 2 potions of curing {unknown}
 z - 2 potions of brilliance
 A - a potion of might {unknown}
Comestibles
 u - a ration


   Skills:
 + Level 0.0 Fighting
 * Level 2.8 Long Blades
 - Level 2.2 Dodging
 + Level 6.3 Stealth
 + Level 2.9 Shields
 - Level 2.9 Spellcasting
 - Level 3.3 Conjurations
 + Level 3.0 Transmutations
 + Level 8.4 Earth Magic


You had 2 spell levels left.
You knew the following spells:

 Your Spells              Type           Power        Failure   Level  Hunger
a - Sandblast             Erth           ####..       1%          1    #......
b - Passwall              Tmut/Erth      ###.....     2%          2    ##.....
c - Stone Arrow           Conj/Erth      ###...       4%          3    ###....
d - Petrify               Tmut/Erth      ###.....     19%         4    #####..

Your spell library contained the following spells:

 Spells                   Type           Power        Failure   Level  Hunger
 Lee's Rapid Deconstruct  Erth           ####......   17%         5    ######.


Dungeon Overview and Level Annotations

Branches:
Dungeon (7/15)             Temple (1/1) D:4

Altars:
Ashenzari
Dithmenos
Elyvilon
Fedhas
Gozag
Hepliaklqana
Kikubaaqudgha
Makhleb
Nemelex Xobeh
Okawaru
Qazlal
Sif Muna
Trog
Uskayaw
Yredelemnul
Zin
The Shining One

Annotations:
D:1 Terence
D:6 Eustachio


Innate Abilities, Weirdness & Mutations

You cannot be hasted, slowed, berserked, paralysed or teleported.
You can dig through walls and to a lower floor.
Your four strong arms can wield two-handed weapons with a shield.
You have a pair of large antennae on your head. (SInv)


Message History

You barely miss the bullfrog skeleton.
The bullfrog skeleton is heavily damaged.
The bullfrog skeleton closely misses you.
You hit the bullfrog skeleton.
The bullfrog skeleton is severely damaged.
The bullfrog skeleton hits you.
The crimson imp blinks!
The two-headed ogre hits you with a +0 giant club.
The two-headed ogre hits you with a +0 dire flail!
* * * LOW HITPOINT WARNING * * *
Casting: Passwall (safe; 2% risk of failure)
Confirm with . or Enter, or press ? or * to list all spells.
Aiming: Petrify (slightly dangerous; 19% risk of failure)
Press: ? - help, Shift-Dir - straight line, f - two-headed ogre
Aim: a two-headed ogre, wielding a +0 giant club and a +0 dire flail (chance to You miscast Petrify.
You are very lightly contaminated with residual magic.
Waves of light ripple over your body. The two-headed ogre barely misses you.
The two-headed ogre hits you with a +0 dire flail!
You die...

### ####.. ..#.# ##
#.#.# ..
##############.#.#.#####
..............ZO@.......
######.#####...###.#####
#........#.### #
#.##.###.#.#.. #. ...#
#{#.# # . #. ...#
#.#.#####.#... #.#...#
#.#...{[.....# ..#.$..
#.......# ..#..###
#######.#


You could see a two-headed ogre and a bullfrog skeleton.

Vanquished Creatures
  A sky beast (D:6)
  5 ogres
  2 bullfrogs
  A scorpion (D:5)
  A howler monkey (D:4)
  4 crimson imps (D:5)
  A hound (D:6)
  2 bullfrog skeletons
  4 orc wizards
  2 orc priests
  A centaur skeleton (D:4)
  2 worker ants
  A gnoll (D:1)
  8 adders
  2 oozes
  A worm (D:3)
  2 dart slugs
  3 leopard geckos
  12 orcs
  4 giant cockroaches
  2 hobgoblins (D:2)
  8 jackals
  9 kobolds
  4 quokkas
  A ball python (D:6)
  9 bats
  6 frilled lizards
  5 goblins
  A quokka skeleton (D:7)
  7 rats
111 creatures vanquished.

Notes
Turn   | Place    | Note
-------+----------+-------------------------------------------
     0 | D:1      | JimmyWheeler the Formicid Earth Elementalist began the
                  | quest for the Orb.
     0 | D:1      | Reached XP level 1. HP: 13/13 MP: 3/3
   114 | D:1      | Reached XP level 2. HP: 18/19 MP: 3/5
   128 | D:1      | Learned a level 2 spell: Passwall
   131 | D:1      | Reached skill level 4 in Earth Magic
   536 | D:1      | Reached XP level 3. HP: 24/24 MP: 0/6
  1179 | D:2      | Learned a level 3 spell: Stone Arrow
  1239 | D:2      | Reached XP level 4. HP: 30/30 MP: 2/7
  1289 | D:2      | Noticed Terence
  1364 | D:2      | Found a burning altar of Makhleb.
  2038 | D:3      | Reached skill level 1 in Conjurations
  2079 | D:3      | Reached skill level 1 in Shields
  2106 | D:2      | Reached XP level 5. HP: 14/35 MP: 0/8
  2347 | D:3      | Noticed a bullfrog
  2351 | D:3      | Killed a bullfrog
  2351 | D:3      | Reached skill level 5 in Earth Magic
  2401 | D:3      | Reached XP level 6. HP: 39/41 MP: 2/9
  3260 | D:4      | Noticed an ogre
  3280 | D:4      | Killed an ogre
  3280 | D:4      | Reached XP level 7. HP: 46/46 MP: 6/10
  3288 | D:4      | Reached skill level 6 in Earth Magic
  3369 | D:4      | Found a staircase to the Ecumenical Temple.
  3369 | D:4      | You fall through a shaft for 3 floors!
  3521 | D:6      | Reached skill level 5 in Stealth
  3622 | D:6      | Noticed Eustachio
  3742 | D:5      | Entered Level 5 of the Dungeon
  3755 | D:5      | Reached skill level 1 in Long Blades
  3755 | D:5      | Reached skill level 7 in Earth Magic
  3755 | D:5      | Reached XP level 8. HP: 52/52 MP: 3/12
  3943 | D:5      | Learned a level 4 spell: Petrify
  4093 | Temple   | Entered the Ecumenical Temple
  4611 | Temple   | Became a worshipper of Sif Muna the Loreminder
  5020 | D:5      | Reached skill level 8 in Earth Magic
  5167 | D:5      | Found a sparkling altar of Nemelex Xobeh.
  5842 | D:6      | You fall through a shaft for 2 floors!
  6169 | D:8      | Noticed a two-headed ogre
  6192 | D:8      | Slain by a two-headed ogre

Vault maps used:
D:1:      matt_arrival_diagonals, serial_forest, infiniplex_forest_clump_small,
          infiniplex_forest_clump_tiny, infiniplex_forest_end_3,
          infiniplex_forest_lined_room_2, infiniplex_forest_side_room,
          infiniplex_forest_clump_diagonal, infiniplex_forest_straight_5,
          serial_bayou_lake_a
D:2:      lemuel_coloured_pillars_altar, first_ration, mrwooster_statue_mirror,
          uniq_terence
D:4:      minmay_temple_entry_statues_fountains
D:5:      basic_altar
D:6:      lemuel_insect_pit, uniq_eustachio
D:7:      minmay_inner_zag, basic_altar
D:8:      doesnt_xom_only_xom, ploomutoo_gammafunk_ghost_potion_laboratory,
          uniq_grum
Temple:   eino_temple_rhombus

Skill      XL: |  1  2  3  4  5  6  7  8 |
---------------+-------------------------+-----
Dodging        | 2 |  2.2
Earth Magic    | 4 5 7 8 |  8.4
Stealth        | 3 4 5 6 |  6.3
Conjurations   | 1 2 3 |  3.3
Shields        | 1 2 |  2.9
Long Blades    | 1 2 |  2.8
Transmutations | 3 |  3.0
Spellcasting   | |  2.9

Action                   |  1- 3 |  4- 6 |  7- 9 || total
-------------------------+-------+-------+-------++-------
Melee: Unarmed           |     3 |       |       ||     3
       Falchion          |       |     9 |    57 ||    66
 Cast: Sandblast         |    41 |    83 |    78 ||   202
       Stone Arrow       |     1 |     2 |     4 ||     7
       Passwall          |       |     3 |     3 ||     6
 Abil: Shaft Self        |       |       |     1 ||     1
  Use: Scroll            |       |     2 |     6 ||     8
       Potion            |       |       |     1 ||     1
 Stab: Sleeping          |       |       |     3 ||     3
  Eat: Ration            |     1 |     2 |     4 ||     7
Armor: Robe              |    18 |    16 |    16 ||    50
Dodge: Dodged            |    32 |    34 |    68 ||   134
Block: Buckler           |       |     7 |    18 ||    25
       Rpst.: Falchion   |       |     2 |    19 ||    21

Table legend:
 A = Non-vault XP
 B = Vault XP
 C = Vault XP percentage of total XP
 D = Non-vault monster count
 E = Vault monster count
 F = Vault count percentage of total count
                 A         B        C        D         E       F
            +---------+---------+-------+---------+---------+-------
      Total |    1963 |       0 |   0.0 |     111 |       0 |   0.0
            +---------+---------+-------+---------+---------+-------
        D:1 |      49 |       0 |   0.0 |      22 |       0 |   0.0
        D:2 |      74 |       0 |   0.0 |      21 |       0 |   0.0
        D:3 |     225 |       0 |   0.0 |      23 |       0 |   0.0
        D:4 |     553 |       0 |   0.0 |      13 |       0 |   0.0
        D:5 |     592 |       0 |   0.0 |      19 |       0 |   0.0
        D:6 |     466 |       0 |   0.0 |      11 |       0 |   0.0
        D:7 |       4 |       0 |   0.0 |       2 |       0 |   0.0
            +---------+---------+-------+---------+---------+-------
